 Dungeon Crawl Stone Soup version 0.23-a0-338-g8ff0b24 (webtiles) character file.

123 Garbasso the Skirmisher (level 4, -2/35 HPs)
             Began as a Demonspawn Fighter on Oct 18, 2018.
             Slain by an orc
             ... wielding a +0 flail of venom
              (8 damage)
             ... on level 3 of the Dungeon.
             The game lasted 00:05:00 (2214 turns).

Garbasso the Skirmisher (Demonspawn Fighter)        Turns: 2214, Time: 00:05:01

Health: -2/35      AC:  6    Str: 22    XL:     4   Next: 79%
Magic:  4/4        EV:  9    Int: 10    God:
Gold:   123        SH:  9    Dex: 12    Spells: 3/3 levels left

rFire    . . .     SeeInvis .   a - +0 war axe
rCold    . . .     Gourm    .   c - +0 shield
rNeg     . . .     Faith    .   b - +0 scale mail
rPois    .         Spirit   .   (helmet restricted)
rElec    .         Reflect  .   (no cloak)
rCorr    .         Harm     .   (no gloves)
MR       .....                  (no boots)
Stlth    ..........             (no amulet)
HPRegen  0.11/turn              (no ring)
MPRegen  0.09/turn              (no ring)

@: mighty, lethally poisoned (-2 -> -7)
A: antennae 1, repulsion field 1
a: no special abilities


You were on level 3 of the Dungeon.
You were not hungry.

You visited 1 branch of the dungeon, and saw 3 of its levels.

You collected 123 gold pieces.

Inventory:

Hand Weapons
 a - a +0 war axe (weapon)
Missiles
 g - 75 stones (quivered)
 r - 39 sling bullets
 s - 2 javelins
Armour
 b - a +0 scale mail (worn)
 c - a +0 shield (worn)
Jewellery
 j - a cursed ring of teleportation {unknown}
 k - a cursed ring of teleportation {unknown}
 q - a cursed ring of attention {unknown}
Scrolls
 h - 4 scrolls of identify {unknown}
 m - 4 scrolls of teleportation {unknown}
 n - a scroll of immolation {unknown}
 o - 2 scrolls of fear {unknown}
 t - a scroll of enchant armour {unknown}
Potions
 d - 2 potions of might
 e - a potion of brilliance {unknown}
 i - a potion of cancellation {unknown}
 p - a potion of lignification {unknown}
Comestibles
 f - 3 rations
 l - 6 chunks of flesh


   Skills:
 + Level 3.4 Fighting
 * Level 3.4 Axes
 + Level 1.4 Throwing
 - Level 2.6 Armour
 + Level 0.4 Dodging
 + Level 3.1 Shields


You had 3 spell levels left.
You didn't know any spells.
Your spell library was empty.

Dungeon Overview and Level Annotations

Branches:
Dungeon (3/15)

Altars:
Ashenzari
Cheibriados
Qazlal


Innate Abilities, Weirdness & Mutations

You have a pair of small antennae on your head.
You are surrounded by a mild repulsion field. (EV +2)


Message History

You block the orc wizard's attack. The orc hits you with a +0 morningstar!
* * * LOW HITPOINT WARNING * * *
You feel very mighty all of a sudden. The orc wizard barely misses you.
You hit the orc wizard but do no damage.
The orc wizard is severely wounded.
You barely miss the orc. You block the orc wizard's attack.
The orc barely misses you. You block the orc wizard's attack.
You slash the orc wizard!
You kill the orc wizard!
You hit the kobold. You slash the orc! You block the orc's attack.
You block the kobold's attack. The orc hits you but does no damage.
You are poisoned.
You slash the kobold!
You kill the kobold!
You hit the orc. You barely miss the orc.
* * * LOW HITPOINT WARNING * * *
You feel sick. You block the orc's attack.
The orc hits you with a +0 flail of venom!
You die...

#...[# ########....## #)#
#....## ##(# #.....# #.K#
#####.( ##..# #.. ##...###
####. ##......###
########...<
##..#.รท...o#####........###
#..###.##o@...#.......####.
{#.## #.....................
### #.#...............####
#.#...............# ##
#.....###.........# #.
......# #.........# #.
....#### ##............ .#..
............. .........###.


You could see 2 orcs.

Vanquished Creatures
  An orc wizard (D:3)
  3 adders (D:2)
  An ooze (D:1)
  A worm (D:3)
  5 dart slugs
  3 leopard geckos
  2 orcs (D:3)
  A ball python (D:3)
  A giant cockroach (D:2)
  5 goblins
  4 hobgoblins
  4 jackals
  2 quokkas (D:3)
  4 bats
  3 frilled lizards
  7 kobolds
  4 rats
51 creatures vanquished.

Notes
Turn   | Place    | Note
-------+----------+-------------------------------------------
     0 | D:1      | Garbasso the Demonspawn Fighter began the quest for the
                  | Orb.
     0 | D:1      | Reached XP level 1. HP: 18/18 MP: 1/1
   296 | D:1      | Gained mutation: You are surrounded by a mild repulsion
                  | field. (EV +2) [demonic ancestry]
   296 | D:1      | Reached XP level 2. HP: 24/24 MP: 2/2
  1161 | D:2      | Reached XP level 3. HP: 25/29 MP: 3/3
  1523 | D:2      | Reached skill level 1 in Throwing
  1828 | D:2      | Gained mutation: You have a pair of small antennae on your
                  | head. [demonic ancestry]
  1828 | D:2      | Reached XP level 4. HP: 33/35 MP: 4/4
  1956 | D:3      | Found a stormy altar of Qazlal.
  2018 | D:3      | Found a shattered altar of Ashenzari.
  2021 | D:3      | Found a snail-covered altar of Cheibriados.
  2214 | D:3      | Slain by an orc

Vault maps used:
D:1:      dpeg_arrival_circle_labyrinth_a, chequers_serial_rivers_room_b
D:3:      led_sif_book, grunt_temple_overflow_open

Skill      XL: |  1  2  3  4 |
---------------+-------------+-----
Axes           | 2 3 |  3.4
Shields        | 3 |  3.1
Throwing       | 1 |  1.4
Fighting       | |  3.4
Armour         | |  2.6
Dodging        | |  0.4

Action                   |  1- 3 |  4- 6 || total
-------------------------+-------+-------++-------
Melee: War axe           |    88 |    61 ||   149
Throw: Stone             |    54 |     4 ||    58
  Use: Potion            |       |     1 ||     1
  Eat: Chunk             |     3 |     1 ||     4
Armor: Scale mail        |    38 |    35 ||    73
Dodge: Dodged            |    42 |    24 ||    66
Block: Shield            |    45 |    34 ||    79

Table legend:
 A = Non-vault XP
 B = Vault XP
 C = Vault XP percentage of total XP
 D = Non-vault monster count
 E = Vault monster count
 F = Vault count percentage of total count
                 A         B        C        D         E       F
            +---------+---------+-------+---------+---------+-------
      Total |     176 |       0 |   0.0 |      51 |       0 |   0.0
            +---------+---------+-------+---------+---------+-------
        D:1 |      27 |       0 |   0.0 |      13 |       0 |   0.0
        D:2 |      72 |       0 |   0.0 |      18 |       0 |   0.0
        D:3 |      77 |       0 |   0.0 |      20 |       0 |   0.0
            +---------+---------+-------+---------+---------+-------
